 Dungeon Crawl Stone Soup version 0.24.0-123-gd5b16e6ec5 (webtiles) character file.

Game seed: 9051438348644877618, levelgen mode: deterministic

60 Descartes the Sneak (level 3, -1/17 HPs)
             Began as a Felid Monk on Feb 1, 2020.
             Killed from afar by an orc wizard (7 damage)
             ... with a magic dart
             ... on level 3 of the Dungeon.
             The game lasted 00:03:18 (2432 turns).

Descartes the Sneak (Felid Monk)                    Turns: 2432, Time: 00:03:20

Health: -1/17      AC:  1    Str:  8    XL:     3   Next: 80%
Magic:  4/4        EV: 19    Int: 14    God:
Gold:   26         SH:  0    Dex: 18    Spells: 2/2 levels left
                                        Lives:  0   Deaths: 0

rFire    . . .     SeeInvis +     - Unarmed
rCold    . . .     Gourm    .   (shield unavailable)
rNeg     . . .     Faith    .   (armour unavailable)
rPois    .         Spirit   .   (helmet unavailable)
rElec    .         Reflect  .   (cloak unavailable)
rCorr    .         Harm     .   (gloves unavailable)
MR       .....                  (boots unavailable)
Stlth    ++++......             (no amulet)
HPRegen  0.05/turn              m - +3 ring of intelligence
MPRegen  0.09/turn              (no ring)

@: quick
A: very small, no armour, no weapons or thrown items, stealth, claws 1, fangs 3,
see invisible, carnivore, speed 1, shaggy fur 1, slow metabolism 1, sharp paws
a: no special abilities


You were on level 3 of the Dungeon.
You were completely stuffed.

You visited 1 branch of the dungeon, and saw 3 of its levels.

You collected 26 gold pieces.

Inventory:

Missiles
 e - 33 stones
 h - 39 arrows
Jewellery
 m - a +3 ring of intelligence (left paw)
Scrolls
 b - a scroll of magic mapping {unknown}
 c - a scroll of identify
 d - a scroll of fog {unknown}
 g - a scroll of enchant weapon {unknown}
 j - 2 scrolls of amnesia {unknown}
 l - a scroll of remove curse {unknown}
 n - a scroll of fear {unknown}
Potions
 f - 4 potions of curing
 k - a potion of flight
Comestibles
 a - 7 rations


   Skills:
 - Level 3.0 Fighting
 - Level 4.0 Dodging
 * Level 5.2 Stealth
 + Level 3.6 Unarmed Combat


You had 2 spell levels left.
You didn't know any spells.
Your spell library was empty.

Dungeon Overview and Level Annotations

Branches:
Dungeon (3/15)

Altars:
Elyvilon


Innate Abilities, Weirdness & Mutations

You cannot wear armour.
You are incapable of wielding weapons or throwing items.
Your paws allow you to move quietly. (Stealth)
You have sharp claws.
You have razor-sharp teeth.
You have supernaturally acute eyesight. (SInv)
You are carnivorous and can eat meat at any time.
You cover ground quickly.
You are covered in fur. (AC +1)
You have a slow metabolism.
Your sharp claws are effective at attacking unaware monsters.


Message History

You climb downwards.
An adder, a rat, a quokka and 5 orcs come into view.
Found a potion of flight and 15 gold pieces.
There is a stone staircase leading up here.
The helpless adder fails to defend itself.
You mangle the adder!!
You kill the adder!
The orc wizard shouts!
The orc shouts!
The orc priest shouts!
You hear an angry hiss.
The orc shouts!
The orc wizard gestures at you while chanting.
You resist with some effort.
You climb upwards.
There is a stone staircase leading down here.
You climb downwards.
The orc hits you with a +0 flail.
The orc wizard hits you with a +0 dagger.
A ball python comes into view.
The orc hits you but does no damage.
The orc wizard points at you and mumbles some strange words.
The magic dart hits you!
You die...

###########
#...†o....#
#.o@.b....#
#.ooor....#
#..r.....!.
#.........S
#$.........
#.........#
#.........#
#.........#


You could see an orc priest, an orc wizard, 3 orcs, a quokka, a bat, a ball
python (wandering) and a rat.

Vanquished Creatures
  An adder (D:3)
  2 dart slugs
  2 leopard geckos
  4 giant cockroaches (D:1)
  6 goblins
  7 hobgoblins
  A ball python (D:1)
  6 bats
  7 frilled lizards
  4 kobolds
  2 rats (D:1)
42 creatures vanquished.

Vanquished Creatures (others)
  A frilled lizard (D:2)
1 creature vanquished.

Grand Total: 43 creatures vanquished

Notes
Turn   | Place    | Note
-------+----------+-------------------------------------------
     0 | D:1      | Descartes the Felid Monk began the quest for the Orb.
     0 | D:1      | Reached XP level 1. HP: 10/10 MP: 2/2
    81 | D:1      | Reached skill level 3 in Stealth
   308 | D:1      | Reached XP level 2. HP: 12/14 MP: 3/3
   634 | D:1      | Reached skill level 4 in Stealth
  1036 | D:1      | Reached XP level 3. HP: 17/17 MP: 4/4
  2023 | D:2      | Found a white marble altar of Elyvilon.
  2315 | D:2      | Reached skill level 5 in Stealth
  2432 | D:3      | Killed from afar by an orc wizard

Levels and vault maps discovered:
D:1:      moated_graveyard_arrival, layout_basic, nrook_mini_vaults,
          grunt_decor_arrowhead, minmay_pentomino_z4
D:2:      layout_loops_ring, first_ration, minmay_misc_feat_rows,
          minmay_misc_feat_x, elyvilon_altar_4
D:3:      layout_rooms, kennysheep_generic_room_6

Skill      XL: |  1  2  3 |
---------------+----------+-----
Stealth        | 3 4 5 |  5.2
Fighting       | |  3.0
Dodging        | |  4.0
Unarmed Combat | |  3.6

Action                   || total
-------------------------++-------
Melee: Unarmed           ||   120
       Bite              ||    11
       Punch             ||     3
  Use: Scroll            ||     2
 Stab: Sleeping          ||     9
       Distracted        ||     1
  Eat: Chunk             ||    10
Armor: Skin              ||     3
Dodge: Dodged            ||   102
